Map: Dash and Terminal LE (Void)

Players

wabbajack

  • Race: Terran Terran
  • League: Grandmaster

Benji - Winner!

  • Race: Zerg Zerg
  • League: Grandmaster

VOD

Have the link to the VOD?

Description

Time

  • Played on: July 14, 2015, 11:14 a.m.
  • Length: 6:37
Show
View Real Time Build Order
Export as new Build Order

wabbajack Terran 

Build Orders:  

Get SALT Encoding   

  12  0:02  SCV  
  13  0:14  SCV  
  14  0:21  Supply Depot  
  14  0:26  SCV  
  15  0:34  Refinery  
  15  0:43  SCV  
  15  0:49  Barracks  
  16  0:55  SCV  
  17  1:07  SCV  
  18  1:19  SCV  
  19  1:31  SCV  
  20  1:33  Supply Depot  
  20  1:37  Marine  
  21  1:40  Factory  
  21  1:49  Orbital Command  
  21  1:55  Marine  
  22  2:18  Barracks Reactor  
  22  2:24  SCV  
  22  2:28  Command Center  
  23  2:35  Supply Depot  
  23  2:36  SCV, Hellion  
  26  2:46  Starport  
  26  2:49  SCV  
  27  2:58  Supply Depot  
  27  3:10  Barracks Reactor  
  31  3:13  Hellion x2  
  31  3:17  SCV  
  32  3:22  Supply Depot  
  32  3:28  Engineering Bay  
  36  3:34  Hellion x2  
  36  3:36  Viking  
  38  3:53  Reaper x2  
  36  5:13  Planetary Fortress  
  36  5:22  Barracks  
  36  5:23  Barracks  
  36  5:26  Barracks  
  36  5:35  Barracks  
  36  5:38  SCV  
  34  5:50  SCV  
  35  6:02  SCV  
  36  6:08  Refinery  
  36  6:14  SCV  
  36  6:16  Starport Tech Lab  
  37  6:19  Command Center  
  37  6:20  Barracks Tech Lab x3  
Show
View Real Time Build Order
Export as new Build Order

Benji Zerg - Winner!

Build Orders: Hatch First 

Get SALT Encoding   

  12  0:02  Drone  
  13  0:08  Drone  
  14  0:34  Hatchery  
  13  0:37  Drone  
  14  0:53  Spawning Pool  
  13  0:57  Drone  
  14  1:04  Overlord  
  14  1:10  Drone, Extractor  
  15  1:23  Drone x2  
  17  1:30  Drone  
  18  1:41  Drone  
  18  1:42  Queen  
  18  1:46  Queen  
  23  1:50  Overlord  
  23  2:00  Drone  
  24  2:02  Drone  
  24  2:06  Spine Crawler  
  24  2:07  Drone  
  25  2:11  Drone  
  26  2:15  Drone  
  27  2:24  Drone x2  
  27  2:29  Drone  
  30  2:35  Drone  
  30  2:36  Extractor  
  30  2:38  Queen, Extractor  
  30  2:41  Overlord  
  31  2:45  Drone  
  32  2:53  Drone x3  
  32  2:54  Drone  
  36  3:01  Drone x2  
  36  3:02  Overlord  
  36  3:04  Drone  
  39  3:13  Roach Warren, Drone  
  39  3:19  Drone x2  
  41  3:25  Evolution Chamber  
  40  3:30  Drone  
  40  3:31  Drone  
  40  3:33  Lair  
  42  3:35  Drone  
  42  3:37  Drone  
  42  3:40  Drone  
  42  3:41  Drone  
  46  3:44  Spore Crawler  
  45  3:49  Spore Crawler, Drone  
  45  3:51  Drone  
  46  3:56  Zerg Missile Weapons Level 1  
  46  4:01  Roach x2  
  50  4:03  Roach  
  50  4:09  Overlord  
  52  4:10  Extractor  
  52  4:11  Overlord  
  51  4:21  Overlord  
  51  4:25  Drone  
  51  4:30  Drone x3  
  51  4:31  Drone x2  
  57  4:36  Glial Reconstitution  
  57  4:38  Hydralisk Den  
  57  4:40  Roach x3  
  62  4:50  Roach x3  
  64  5:09  Overlord  
  64  5:12  Overlord  
  62  5:15  Overlord  
  62  5:18  Overlord  
  62  5:20  Extractor  
  61  5:33  Pneumatized Carapace  
  61  5:37  Hatchery, Roach x4  
  61  5:38  Roach x6  
  61  5:40  Roach  
  82  5:53  Overlord  
  80  6:00  Drone  
  80  6:01  Drone x2  
  83  6:11  Overlord  
  83  6:12  Drone x2  
  85  6:22  Hatchery  
Tags
 
Add a new tag
Caveats
  • Supply blocks, unpowered buildings, or Contaminate may cause inaccurate times.
  • Supply counts are checked every 10 seconds.